 Dungeon Crawl Stone Soup version 0.17-a0-2098-gf59d6bc (webtiles) character file.

63 st0uf the Ruffian (level 3, -7/33 HPs)
             Began as a Minotaur Monk on Oct 17, 2015.
             Killed from afar by Jessica (9 damage)
             ... with a wand of flame
             ... on level 2 of the Dungeon.
             The game lasted 00:05:40 (1534 turns).

st0uf the Ruffian (Minotaur Monk)                   Turns: 1534, Time: 00:05:40

Health: -7/33      AC:  3    Str: 16    XL:     3   Next: 89%
Magic:  2/2        EV: 12    Int:  7    God:
Gold:   158        SH:  0    Dex: 12    Spells: 0 memorised, 2 levels left

rFire  . . .     SeeInvis .     q - +0 flail
rCold  . . .     Clarity  .     k - +0 leather armour
rNeg   . . .     SustAt   .     (no shield)
rPois  +         Gourm    .     (helmet restricted)
rElec  .         Spirit   .     (no cloak)
rCorr  .         Warding  .     (no gloves)
rMut   .         Stasis   .     (no boots)
MR     .....                    (no amulet)
Stlth  +.........               (no ring)
                                e - ring of poison resistance

@: not resistant to hostile enchantments, very unstealthy
A: retaliatory headbutt, horns 2
a: no special abilities


You were on level 2 of the Dungeon.
You were not hungry.

You visited 1 branch of the dungeon, and saw 2 of its levels.

You collected 158 gold pieces.

Inventory:

Hand Weapons
 q - a +0 flail (weapon)
Missiles
 o - 4 curare-tipped needles
 t - 4 poisoned needles
Armour
 k - a +0 leather armour (worn)
Jewellery
 e - a ring of poison resistance (left hand)
Scrolls
 a - a scroll of enchant weapon {unknown}
 f - a scroll of blinking {unknown}
 j - a scroll of noise {unknown}
 l - a scroll of identify {unknown}
 w - a scroll of teleportation {unknown}
Potions
 c - a potion of flight {unknown}
 d - a potion of haste {unknown}
 g - a potion of cancellation {unknown}
 h - a potion of might {unknown}
 m - a potion of resistance {unknown}
 p - a potion of agility {unknown}
 u - a potion of lignification {unknown}
Books
 r - a book of Dreams

   Spells                             Type                      Level
   a - Ensorcelled Hibernation        Hexes/Ice                    2
   b - Phase Shift                    Translocation                5
   c - Shadow Creatures               Summoning                    5
   d - Silence                        Hexes/Air                    5
   e - Darkness                       Hexes                        6
   f - Mass Confusion                 Hexes                        6
Comestibles
 b - a bread ration
 i - a beef jerky
 n - 3 meat rations
 s - a royal jelly
 v - 4 chunks of flesh


   Skills:
 - Level 4.2 Fighting
 + Level 3.8 Maces & Flails
 - Level 3.2 Dodging
 - Level 1.5 Stealth
 - Level 4.3 Unarmed Combat


You had 2 spell levels left.
You didn't know any spells.

Dungeon Overview and Level Annotations

Branches:
Dungeon (2/15)

Altars:
Vehumet
Xom

Annotations:
D:2 Jessica


Innate Abilities, Weirdness & Mutations

You reflexively headbutt those who attack you in melee.
You have a pair of horns on your head.


Message History

Jessica casts a spell.
Jessica seems to speed up.
Found a long sword.
Jessica zaps a wand.
The puff of flame hits you!
The kobold throws a stone.
The stone hits you.
Found a scroll labeled XOQINN PEQEA.
You see here a stone.
Jessica gestures wildly while chanting.
Jessica blinks!
The kobold barely misses you.
You barely miss the kobold. The kobold hits you.
You sock the kobold!
You kill the kobold!
Jessica zaps a wand.
The puff of flame hits you!
* * * LOW HITPOINT WARNING * * *
Jessica zaps a wand.
The puff of flame hits you!
* * * LOW HITPOINT WARNING * * *
Things that are here:
4 stones; a kobold corpse You closely miss Jessica.
Jessica zaps a wand.
The puff of flame hits you!
You die...

####.####.# #.#
.....####.######.#
........#........#
#######.##########
#.# #.# ##### #.#
##...## #.#
#.?...######## #.#
#.@@.(.......#
#.#..........######.#
#...........##
#.####### ..?..#####
#.....†.. #..)#
######### ##.# ... ##


You could see Jessica.

Vanquished Creatures
  3 adders (D:2)
  3 giant geckos
  2 ball pythons (D:2)
  6 bats
  A giant cockroach (D:2)
  3 goblins
  3 hobgoblins (D:1)
  A quokka (D:2)
  A giant newt (D:2)
  3 kobolds
  7 rats
33 creatures vanquished.

Notes
Turn   | Place    | Note
--------------------------------------------------------------
     0 | D:1      | st0uf the Minotaur Monk began the quest for the Orb.
     0 | D:1      | Reached XP level 1. HP: 19/19 MP: 0/0
   353 | D:1      | Reached XP level 2. HP: 20/27 MP: 1/1
   558 | D:1      | Reached skill level 1 in Maces & Flails
  1040 | D:2      | Reached XP level 3. HP: 30/33 MP: 2/2
  1128 | D:2      | Found a radiant altar of Vehumet.
  1363 | D:2      | Found a shimmering altar of Xom.
  1525 | D:2      | Noticed Jessica
  1534 | D:2      | Killed from afar by Jessica

Vault maps used:
D:1:      lemuel_arrival_rhombus, glass_columns_b
D:2:      vehumet_crystals, old_standard_altar, uniq_jessica

Action                   || total
-------------------------++-------
Melee: Unarmed           ||    11
       Club              ||    58
       Flail             ||    20
 Stab: Sleeping          ||     3
  Eat: Chunk             ||     2
